 Dungeon Crawl Stone Soup version 0.27.1-33-g824d729ab1 (webtiles) character file.

Game seed: 2667333537728862875

58 comborobin the Skirmisher (level 3, 0/32 HPs)
             Began as a Palentonga Brigand on Dec 27, 2021.
             Slain by an orc wizard (3 damage)
             ... on level 3 of the Dungeon.
             The game lasted 00:01:13 (888 turns).

comborobin the Skirmisher (Palentonga Brigand)       Turns: 888, Time: 00:01:14

Health: 0/32       AC:  5    Str: 14    XL:     3   Next: 76%
Magic:  3/3        EV:  9    Int: 11    God:
Gold:   90         SH:  0    Dex: 12    Spells: 2/2 levels left

rFire    . . .     SeeInvis +   a - +2 dagger (holy)
rCold    . . .     Faith    .   (no shield)
rNeg     . . .     Spirit   .   b - +0 robe
rPois    .         Reflect  .   (no helmet)
rElec    .         Harm     .   c - +0 cloak
rCorr    .         Rampage  .   (no gloves)
Will     .....                  (no barding)
Stlth    +.........             (no amulet)
HPRegen  0.10/turn              (no ring)
MPRegen  0.08/turn              (no ring)

@: confused, hasted, very quick
A: large, rugged brown scales 3, see invisible, deformed body, roll 1, armoured
tail
a: Rolling Charge


You were on level 3 of the Dungeon.
You visited 1 branch of the dungeon, and saw 4 of its levels.

You collected 90 gold pieces.

Inventory:

Hand Weapons
 a - a +2 dagger of holy wrath (weapon)
Missiles
 d - 7 poisoned darts (quivered)
Armour
 b - a +0 robe (worn)
 c - a +0 cloak (worn)
Scrolls
 f - a scroll of enchant weapon {unknown}
 g - a scroll of enchant armour {unknown}
 h - a scroll of fog {unknown}


   Skills:
 + Level 4.2 Fighting
 - Level 2.0 Short Blades
 - Level 1.3 Throwing
 - Level 0.7 Dodging
 - Level 2.6 Stealth


You had 2 spell levels left.
You didn't know any spells.
Your spell library was empty.

Dungeon Overview and Level Annotations

Branches:
Dungeon (4/15)
 Temple: D:4-7

Altars:
The Shining One


Innate Abilities, Weirdness & Mutations

You are completely covered in rugged brown scales. (AC +3, +7% HP)
You have supernaturally acute eyesight. (SInv)
Armour fits poorly on your strangely shaped body.
You can roll at nearby foes to attack.
You have a long armoured tail.


Message History

The curare-tipped dart barely misses the orc wizard.
The orc hits you with a +0 dagger. The orc wizard closely misses you.
Unknown command.
You barely miss the orc wizard. The orc hits you with a +0 dagger.
The orc wizard hits you with a +0 dagger.
You hit the orc wizard.
The orc wizard is lightly wounded.
The orc misses you.
Throw: 8 darts (poison)
Press: ? - help, Q - select action, (/) - cycle Shift-Dir - straight line, f/p - orc wizard
Aim: an orc wizard, wielding a +0 dagger and wearing a +0 robe (lightly wounded, 51% to hit)
You throw a poisoned dart.
The poisoned dart closely misses the orc wizard.
The orc wizard casts a spell at you.
You are confused.
The orc hits you but does no damage.
Unknown command.
You hit the orc wizard.
The orc wizard is moderately wounded.
The orc wizard casts a spell at you. The puff of flame hits you!
* * * LOW HITPOINT WARNING * * *
The orc hits you with a +0 dagger.
* * * LOW HITPOINT WARNING * * *
It was a potion of haste.
You feel yourself speed up.
The orc wizard hits you but does no damage.
The orc hits you but does no damage.
The orc wizard points at you and mumbles some strange words.
The puff of flame hits you.
* * * LOW HITPOINT WARNING * * *
You bump into the rock wall.
The orc hits you with a +0 dagger.
* * * LOW HITPOINT WARNING * * *
The orc wizard gestures at you while chanting.
You are more confused.
You're too confused to move!
The orc hits you but does no damage.
The orc wizard hits you but does no damage.
You bump into the rock wall.
You bump into the rock wall.
The orc barely misses you.
The orc wizard hits you with a +0 dagger.
You die...

##########
#........######
#..............
..............
............ #..........
##############o..)......
.............@o.......$.
#######.########.(<.#...
#.# #.##.# #.########.#
# #.#.....##.#
#.#.....##.#
#†#.....##.#
#.#.....##.#
#.#.....##.#


You could see an orc wizard and an orc.

Vanquished Creatures
  An orc priest (D:3)
  A worm (D:3)
  A dart slug (D:1)
  3 endoplasms
  A giant cockroach (D:2)
  3 hobgoblins (D:1)
  A kobold (D:2)
  A quokka (D:1)
  3 ball pythons (D:1)
  2 bats (D:1)
  5 frilled lizards
  A goblin (D:2)
  2 rats
25 creatures vanquished.

Notes
Turn   | Place    | Note
-------+----------+-------------------------------------------
     0 | D:1      | comborobin the Palentonga Brigand began the quest for the
                  | Orb.
     0 | D:1      | Reached XP level 1. HP: 17/17 MP: 1/1
   252 | D:1      | Reached XP level 2. HP: 24/24 MP: 2/2
   326 | D:1      | Reached skill level 3 in Fighting
   354 | D:1      | Found a faded altar of an unknown god.
   801 | D:2      | Found a glowing golden altar of the Shining One.
   802 | D:2      | You fall into a shaft and drop 1 floor!
   874 | D:3      | Reached skill level 4 in Fighting
   874 | D:3      | Reached XP level 3. HP: 24/32 MP: 3/3
   888 | D:3      | Slain by an orc wizard

Illustrated notes

Levels and vault maps discovered:
D:1:      minmay_arrival_stone_box, layout_rooms,
          ebering_ecumenical_altar_petrified
D:2:      layout_rooms, basic_altar, kennysheep_generic_room_11
D:3:      layout_basic, serial_shops, shop
D:4:      layout_basic

Skill      XL: |  1  2 |
---------------+-------+-----
Fighting       | 4 |  4.2
Short Blades   | |  2.0
Throwing       | |  1.3
Dodging        | |  0.7
Stealth        | |  2.6

Action                   || total
-------------------------++-------
Melee: Dagger            ||    77
       Tailslap          ||     3
Throw: Dart              ||     3
  Use: Potion            ||     1
 Stab: Sleeping          ||     5
Armor: Robe              ||    41
Dodge: Dodged            ||    33
